 Dungeon Crawl Stone Soup version 0.31-a0-506-g3d79149578 (webtiles) character file.

Game seed: 15760947095569662480

949 Ethylacetat the Sneak (level 8, -5/81 HPs)
             Began as an Octopode Gladiator on Aug 8, 2023.
             Was an Initiate of Gozag.
             Slain by an ogre
             ... wielding a +0 giant club
              (16 damage)
             ... on level 6 of the Dungeon.
             The game lasted 00:09:42 (3918 turns).

Ethylacetat the Sneak (Octopode Gladiator)          Turns: 3918, Time: 00:09:44

Health: -5/81      AC:  1    Str: 14    XL:     8   Next: 13%
Magic:  26/26      EV: 16    Int: 12    God:    Gozag
Gold:   399        SH:  0    Dex: 21    Spells: 5/7 levels left

rFire   . . .        m - +1 short sword (venom)
rCold   . . .        (no shield)
rNeg    + . .        b - +0 hat
rPois   +            z - amulet of regeneration
rElec   +            u - ring of magical power
rCorr   .            y - ring of positive energy
SInv    .            v - ring of magical power
Will    +....        t - ring of Reimbursement {rElec rPois rC- Will+ Int+2 Stlth+} Stlth
                     A - +6 ring of dexterity
HPRegen 1.13/turn    x - ring of protection from cold
MPRegen 0.20/turn    F - +4 ring of slaying
                     (no ring)

%: no passive effects
@: berserking, very quick
A: almost no armour, amphibious, 8 rings, camouflage 1, gelatinous body 1,
(nimble swimmer 1), tentacles
a: Renounce Religion, Potion Petition, Call Merchant, Bribe Branch


You were on level 6 of the Dungeon.
You worshipped Gozag.
Gozag was aware of your devotion.
You visited 2 branches of the dungeon, and saw 7 of its levels.
You also visited: Sewer.

You collected 478 gold pieces.
You paid 79 gold pieces to Gozag.

Inventory:

Hand Weapons
 a - a +0 long sword
 m - a +1 short sword of venom (weapon)
Missiles
 c - 4 throwing nets (quivered)
 d - a javelin
Armour
 b - a +0 hat (worn)
Jewellery
 t - the ring of Reimbursement (on tentacle) {rElec rPois rC- Will+ Int+2 Stlth+}
   (You found it on level 4 of the Dungeon)

   [ring of willpower]

   Int+2:     It affects your intelligence (+2).
   rC-:       It makes you vulnerable to cold.
   rElec:     It insulates you from electricity.
   rPois:     It protects you from poison Will+: It increases your willpower.
   Stlth+:    It makes you more stealthy.
 u - a ring of magical power (left tentacle)
 v - a ring of magical power (on tentacle)
 x - a ring of protection from cold (on tentacle)
 y - a ring of positive energy (right tentacle)
 z - an amulet of regeneration (around mantle)
 A - a +6 ring of dexterity (on tentacle)
 F - a +4 ring of slaying (on tentacle)
Wands
 w - a wand of polymorph (13)
Scrolls
 f - 3 scrolls of teleportation {unknown}
 g - 6 scrolls of identify {unknown}
 h - a scroll of vulnerability {unknown}
 k - 2 scrolls of fog {unknown}
 l - a scroll of enchant weapon {unknown}
 n - a scroll of torment {unknown}
 o - 4 scrolls of fear {unknown}
 r - 4 scrolls of noise {unknown}
 B - a scroll of poison {unknown}
 C - 3 scrolls of revelation {unknown}
 D - a scroll of immolation {unknown}
 G - a scroll of enchant armour {unknown}
 I - a scroll of silence {unknown}
Potions
 e - 2 potions of mutation {unknown}
 i - 5 potions of curing {unknown}
 j - a potion of might {unknown}
 p - a potion of magic {unknown}
 q - 3 potions of berserk rage
 s - 2 potions of resistance {unknown}
 E - 5 potions of enlightenment
 H - 2 potions of attraction {unknown}


   Skills:
 + Level 4.9 Fighting
 + Level 5.3 Long Blades
 - Level 2.4 Throwing
 + Level 5.4 Dodging
 + Level 5.9 Stealth


You had 5 spell levels left.
You knew the following spells:

 Your Spells              Type           Power      Damage    Failure   Level
a - Blink                 Tloc           0%         N/A       45%         2

Your spell library contained the following spells:

 Spells                   Type           Power      Damage    Failure   Level
 Ensorcelled Hibernation  Hex/Ice        0%         N/A       45%         2
 Passwall                 Tmut/Erth      0%         N/A       45%         2
 Swiftness                Air            0%         N/A       69%         3
 Manifold Assault         Tloc           0%         N/A       97%         4


Dungeon Overview and Level Annotations

Branches:
Dungeon (6/15)             Temple (1/1) D:5           Sewer (visited)

Altars:
Ashenzari
Cheibriados
Dithmenos
Elyvilon
Fedhas
Gozag
Hepliaklqana
Kikubaaqudgha
Makhleb
Nemelex Xobeh
Okawaru
Qazlal
Ru
Sif Muna
Trog
Uskayaw
Vehumet
Wu Jian
Xom
Yredelemnul
Zin
The Shining One

Annotations:
D:5 3 runed translucent doors, StikS32's ghost, novice MiFi


Innate Abilities, Weirdness & Mutations

You cannot wear most types of armour.
You are amphibious.
You can wear up to eight rings at the same time.
Your skin changes colour to match your surroundings (Stealth+).
Your rubbery body absorbs attacks. (AC +1, EV +1)
((You are camouflaged when in or above water. (Stealth+)))
You have tentacles for arms and can constrict up to eight enemies at once.


Message History

Found a trident.
This spell is dangerous to cast!
You start memorising the spell.
You continue memorising. x2
You finish memorising.
Spell assigned to 'a'.
You see here a +0 trident.
A centaur comes into view.
Found 4 stones.
Found an escape hatch in the ceiling.
Found a scroll labelled RIXTISO PASEGE.
Found an escape hatch in the floor.
A hound comes into view.
The ogre shouts!
The centaur shouts!
You hit the centaur.
The centaur is poisoned.
The centaur is lightly wounded.
The centaur hits you but does no damage.
The centaur barely misses you.
You hit the centaur.
The centaur looks as sick as possible!
The centaur is moderately wounded.
The centaur closely misses you. The centaur kicks you. The centaur hits you.
The centaur misses you.
Okay, then.
You hit the centaur.
The centaur looks as sick as possible!
The centaur is moderately wounded.
The centaur hits you. The centaur kicks you.
You puncture the ogre!
The ogre is poisoned.
The ogre is moderately wounded.
The centaur barely misses you. x2
The ogre hits you with a +0 giant club!!
Ouch! That really hurt!
* * * LOW HITPOINT WARNING * * *
Okay, then.
It was a potion of berserk rage.
A red film seems to cover your vision as you go berserk!
You feel yourself moving faster!
You feel mighty! The centaur barely misses you. The centaur misses you.
The hound barely misses you. The centaur hits you.
* * * LOW HITPOINT WARNING * * *
The centaur completely misses you. The ogre hits you with a +0 giant club!
You die...
Your body crumbles into a pile of gold.

...........#
#.##......
............#
#.##....##
>...........#
#.##..)...
............#
#.##......
............#
#.##..#.##
............#
#......>#
............#
#########
......h.....#
......O@....#
......c.....#
............#
.......<....#
............#
$
............#
............#
#############


You could see an ogre (very poisoned), a centaur (extremely poisoned) and a
hound.

Vanquished Creatures
  A sky beast (D:6)
  2 black bears
  A kobold brigand (D:6)
  A scorpion (D:5)
  A howler monkey (D:6)
  A jelly (D:5)
  2 orc priests
  2 hounds (D:5)
  2 iguanas (D:5)
  2 orc wizards (D:5)
  3 gnolls (D:5)
  3 river rats
  6 adders
  A shadow imp (D:5)
  3 ufetubi
  2 dart slugs
  8 worms
  10 orcs
  9 ball pythons
  6 endoplasms
  11 giant cockroaches
  5 goblins
  4 hobgoblins
  5 jackals
  2 kobolds
  3 quokkas
  13 bats
  5 frilled lizards
  3 rats
117 creatures vanquished.

Notes
Turn   | Place    | Note
-------+----------+-------------------------------------------
     0 | D:1      | Ethylacetat the Octopode Gladiator began the quest for the
                  | Orb.
     0 | D:1      | Reached XP level 1. HP: 14/14 MP: 1/1
   186 | D:1      | Reached XP level 2. HP: 16/19 MP: 2/2
   543 | D:1      | Reached XP level 3. HP: 25/25 MP: 3/3
   720 | D:1      | Found a faded altar of an unknown god.
   991 | D:2      | Reached skill level 1 in Stealth
  1013 | D:2      | Reached XP level 4. HP: 25/30 MP: 4/4
  1253 | D:2      | Identified the amulet of Brilliance {Faith Will- Int+3
                  | Dex+3}
  1456 | D:3      | Found a sacrificial altar of Ru.
  1885 | D:4      | Identified the ring of Reimbursement {rElec rPois rC- Will+
                  | Int+2 Stlth+}
  2124 | D:4      | Reached XP level 5. HP: 29/36 MP: 5/5
  2139 | D:4      | Found a glowing drain.
  2157 | Sewer    | Entered a sewer
  2888 | D:5      | Entered Level 5 of the Dungeon
  2919 | D:5      | Found a staircase to the Ecumenical Temple.
  2924 | D:5      | Reached XP level 6. HP: 24/42 MP: 6/6
  2935 | Temple   | Entered the Ecumenical Temple
  2953 | Temple   | Became a worshipper of Gozag Ym Sagoz the Greedy
  3130 | D:5      | Reached XP level 7. HP: 41/47 MP: 7/7
  3312 | D:5      | Found a runed translucent gate.
  3312 | D:5      | Found a runed translucent gate.
  3313 | D:5      | Found a runed translucent gate.
  3314 | D:5      | Noticed StikS32's ghost (novice MiFi)
  3477 | D:5      | Reached skill level 5 in Stealth
  3626 | D:6      | Reached skill level 5 in Dodging
  3675 | D:6      | Reached skill level 5 in Long Blades
  3747 | D:6      | Reached XP level 8. HP: 29/54 MP: 8/8
  3856 | D:6      | Learned a level 2 spell: Blink
  3918 | D:6      | Slain by an ogre

Illustrated notes

Levels and vault maps discovered:
D:1:      ebering_hopf_link, layout_loops_cross, basic_ecumenical_altar,
          dk_noncrumbling_3, st_stairs_2, glass_columns_a
D:2:      layout_rooms, corexii_hall_statues_deadend, minmay_tetromino_o2
D:3:      layout_rooms, nicolae_ru_the_path_less_chosen
D:4:      layout_gridville, portal_sewer_entry_b
D:5:      layout_basic, minmay_temple_entry_grid, gammafunk_ghost_necromancy
D:6:      black_bear_nest_2, layout_basic, st_stairs_14,
          minmay_fractal_squares_diagonal_5, uniq_jeremiah
Temple:   roderic_octagonal_lattice_temple

Skill      XL: |  1  2  3  4  5  6  7 |
---------------+----------------------+-----
Stealth        | 1 2 3 4 5 |  5.9
Fighting       | 3 4 |  4.9
Dodging        | 4 5 |  5.4
Long Blades    | 4 5 |  5.3
Throwing       | |  2.4

Action                     |  1- 3 |  4- 6 |  7- 9 || total
---------------------------+-------+-------+-------++-------
  Melee: Long sword        |    39 |       |       ||    39
         Tentacles         |    14 |    26 |     9 ||    49
         Constrict         |    19 |    40 |    11 ||    70
         Short sword       |    22 |   124 |    43 ||   189
         Punch             |       |     2 |     1 ||     3
    Use: Potion            |       |       |     1 ||     1
   Stab: Sleeping          |     6 |    18 |     3 ||    27
         Distracted        |       |     1 |     1 ||     2
 Armour: Skin              |     3 |     9 |     5 ||    17
  Dodge: Dodged            |    43 |    61 |    51 ||   155

Table legend: (Time is in decaauts)
 A = Elapsed time spent in this place.
 B = Non-inter-level travel time spent in this place.
 C = Inter-level travel time spent in this place.
 D = Time resting spent in this place.
 E = Time spent auto-exploring this place.
 F = Levels seen in this place.
 G = Mean time per level.
                   A        B        C        D        E       F      G
               +--------+--------+--------+--------+--------+-----+--------+
         Total |   3899 |   3680 |    219 |     15 |   2680 |   8 |  487.4 |
       Dungeon |   3456 |   3271 |    185 |     15 |   2442 |   6 |  576.0 |
        Temple |     36 |      2 |     34 |      0 |      0 |   1 |   36.0 |
         Sewer |    406 |    406 |      0 |      0 |    238 |   1 |  406.0 |
               +--------+--------+--------+--------+--------+-----+--------+

Top non-repeatable levels by time:
     D:1: 777 daAuts
     D:5: 727 daAuts
     D:4: 650 daAuts
     D:3: 556 daAuts
     D:2: 488 daAuts
   Sewer: 406 daAuts
     D:6: 256 daAuts
  Temple: 36 daAuts
